 Dungeon Crawl Stone Soup version 0.29-a0-234-g0dae59b3db (webtiles) character file.

Game seed: 3678175893186097393

101 spaghetti the Ruffian (level 4, 0/44 HPs)
             Began as a Naga Chaos Knight on Mar 3, 2022.
             Was a Plaything of Xom.
             Slain by a hornet (7 damage)
             ... on level 4 of the Dungeon.
             The game lasted 00:02:54 (2756 turns).

spaghetti the Ruffian (Naga Chaos Knight)           Turns: 2756, Time: 00:02:55

Health: 0/44       AC:  7    Str: 17    XL:     4   Next: 75%
Magic:  4/4        EV:  3    Int: 12    God:    Xom [*.....]
Gold:   130        SH:  0    Dex: 10    Spells: 3/3 levels left

rFire   . . .      SeeInvis +   h - +4 quarterstaff (spect) {staff}
rCold   . . .      Faith    .   (shield currently unavailable)
rNeg    . . .      Spirit   .   f - +0 plate armour
rPois   +          Reflect  .   (no helmet)
rElec   .          Harm     .   (no cloak)
rCorr   .          Rampage  .   (no gloves)
Will    .....                   (no barding)
Stlth   ..........              (no amulet)
HPRegen 0.14/turn               (no ring)
MPRegen 0.09/turn               (no ring)

@: lethally poisoned (0 -> -9), very slow
A: AC +1, large, see invisible, deformed body, poison resistance, slowness 2,
spit poison 1, naga tail 1
a: Spit Poison, Renounce Religion


You were on level 4 of the Dungeon.
You worshipped Xom.
You were a special plaything of Xom.
You visited 1 branch of the dungeon, and saw 4 of its levels.

You collected 130 gold pieces.


Innate Abilities, Weirdness & Mutations

Your serpentine skin is tough. (AC +1)
You have supernaturally acute eyesight. (SInv)
Armour fits poorly on your strangely shaped body.
Your system is resistant to poisons. (rPois)
You cover ground very slowly.
You can spit poison.
You have a snake-like lower body.


   Skills:
 + Level 4.1 Fighting
 - Level 1.5 Armour
 - Level 0.7 Dodging
 - Level 4.4 Unarmed Combat


You had 3 spell levels left.
You didn't know any spells.
Your spell library contained the following spells:

 Spells                   Type           Power      Damage    Failure   Level
 Animate Skeleton         Necr           0%         N/A       100%        1
 Pain                     Necr           0%         1d4       100%        1
 Vampiric Draining        Necr           0%         2d6       100%        3

Inventory:

Hand Weapons
 h - a +4 spectral quarterstaff (weapon) {staff}
   (You found it on level 3 of the Dungeon)
Missiles
 c - 58 stones {throwing}
 d - 10 atropa-tipped darts {throwing}
 i - 2 poisoned darts {throwing}
Armour
 a - a +2 leather armour
 f - a +0 plate armour (worn)
   (You found it on level 1 of the Dungeon)
Jewellery
 g - a ring of protection from cold
   (You found it on level 1 of the Dungeon)
Scrolls
 e - a scroll of identify {@r1}

Dungeon Overview and Level Annotations

Branches:
Dungeon (4/15)
 Temple: D:4-7

Altars:
Ru
Xom

Shops:
D:1

[ #.....( ..###..... #
......... .# ........#
..#. ..#.....## ...>.
#...###.c#...... #.
##gc #...<.......
##..#yh###...........
#....(@##...##.......
.......)h...........##
.....!.##..........##
####### #..)........#
#...........#
#.J..........
...........
##.......... .....#...


You could see a hornet, a centaur, 2 hounds, a jelly, a hobgoblin and a friendly
+4 spectral quarterstaff {staff} (summoned).


Message History

You sock the howler monkey!
The kobold hits you with a +0 short sword.
The howler monkey hits you but does no damage. x2
The kobold hits you but does no damage. 😮 HP[-2]
You take 2 damage, and now have 30/42 hp.
You are too injured to fight recklessly!
You are too injured to fight recklessly!
You are too injured to fight recklessly!
You are too injured to fight recklessly!
You are too injured to fight recklessly!
You are too injured to fight recklessly!
You are too injured to fight recklessly!
You are too injured to fight recklessly!
You are too injured to fight recklessly!
You are too injured to fight recklessly!
You are too injured to fight recklessly!
You are too injured to fight recklessly!
You are too injured to fight recklessly!
You are too injured to fight recklessly!
You are too injured to fight recklessly!
You are too injured to fight recklessly!
You are too injured to fight recklessly!
Unknown command.
You barely miss the howler monkey. The howler monkey barely misses you.
The kobold hits you but does no damage.
You thump the howler monkey!
You kill the howler monkey!
The kobold hits you with a +0 short sword.
A hound comes into view.
Your Fighting skill increases to level 4!
You now have 44 max hp (+2).
The hound barks!
You hit the kobold but do no damage.
Your +4 spectral quarterstaff {staff} barely misses the kobold.
A centaur comes into view.
The kobold hits you with a +0 short sword.
The centaur wields a +0 shortbow.
The centaur shoots an arrow.
The arrow barely misses you.
A hound comes into view.
A hobgoblin comes into view. 😮 HP[-2]
You take 2 damage, and now have 28/44 hp.
You barely miss the kobold.
Your +4 spectral quarterstaff {staff} hits the kobold!
You kill the kobold!
The centaur shoots an arrow.
The arrow hits you!
* * * LOW HITPOINT WARNING * * *
The centaur shoots an arrow.
The arrow hits you.
* * * LOW HITPOINT WARNING * * *
😨 HP[-16]
You take 16 damage, and now have 12/44 hp.
MASSIVE DAMAGE!! (PAUSE)
Okay, then.
A hornet comes into view.
You see here an adder corpse. 😨 HP[+1]
As you read the scroll labelled KOUKLAM YSHAU, it crumbles to dust.
Your body is wracked with pain!
* * * LOW HITPOINT WARNING * * *
The hound convulses! x2; The hornet convulses!
The hobgoblin convulses!
It was a scroll of torment.
The hound barely misses you.
The hound bites you but does no damage. 😱 HP[-5]
You take 5 damage, and now have 8/44 hp.
It was a potion of curing.
You feel better.
Xom roars with laughter!
The hound bites you but does no damage. The hornet stings you.
* * * LOW HITPOINT WARNING * * *
The hound bites you but does no damage. The hound bites you.
* * * LOW HITPOINT WARNING * * *
A jelly comes into view.
The hornet stings you.
* * * LOW HITPOINT WARNING * * *
You are lethally poisoned! 😱 HP[-4]
You take 4 damage, and now have 4/44 hp.
Unknown command.
Unknown command.
Okay, then.
You aren't carrying any items that you can evoke.
You feel better. The hound bites you but does no damage. The hound bites you.
* * * LOW HITPOINT WARNING * * *
The hornet stings you.
* * * LOW HITPOINT WARNING * * *
You are lethally poisoned!
The hound completely misses you. 😨 HP[+8]
You regained 8 hp, and now have 12/44 hp.
Unknown command.
Unknown command.
Unknown command.
You hit the hornet but do no damage.
Your +4 spectral quarterstaff {staff} hits the hornet but does no damage.
* * * LOW HITPOINT WARNING * * *
You feel very sick. The hound bites you.
* * * LOW HITPOINT WARNING * * *
The hornet stings you!
You die...
Xom guffaws!

Skill      XL: |  1  2  3  4 |
---------------+-------------+-----
Unarmed Combat | 4 |  4.4
Fighting       | 4 |  4.1
Armour         | |  1.5
Dodging        | |  0.7

Action                   |  1- 3 |  4- 6 || total
-------------------------+-------+-------++-------
Melee: Unarmed           |    93 |       ||    93
       Quarterstaff      |    13 |     6 ||    19
 Abil: Spit Poison       |     5 |       ||     5
  Use: Potion            |     4 |     2 ||     6
       Scroll            |     6 |     1 ||     7
Armor: Plate armour      |    69 |     8 ||    77
       Leather armour    |    12 |       ||    12
Dodge: Dodged            |    22 |     4 ||    26

Levels and vault maps discovered:
D:1:      saegor_arrival_under_anarchy, layout_rooms, serial_shops,
          nicolae_square_shop
D:2:      layout_loops_ring, ebering_ecumenical_altar_abandoned
D:3:      layout_basic, hangedman_ru_absence, serial_bayou_lagoon_b
D:4:      layout_cave_pools, hangedman_decor_slide_cut, minmay_manual_moon

Notes
Turn   | Place    | Note
-------+----------+-------------------------------------------
     0 | D:1      | spaghetti the Naga Chaos Knight began the quest for the
                  | Orb.
     0 | D:1      | Reached XP level 1. HP: 21/21 MP: 1/1
     0 | D:1      | magus.rc [v1.9.6]
    71 | D:1      | XOM: silly message
   198 | D:1      | XOM: noise
   219 | D:1      | XOM: silly message
   293 | D:1      | Found Niefiur's Armour Shoppe.
   438 | D:1      | XOM: silly message
   472 | D:1      | Reached XP level 2. HP: 28/28 MP: 2/2
   521 | D:1      | XOM: silly message
   636 | D:1      | XOM: silly message
   850 | D:2      | Reached skill level 4 in Unarmed Combat
   926 | D:2      | XOM: summons 2 hostile demons
   936 | D:2      | XOM: smoke on damage
   946 | D:2      | HP: 7/28 [iron imp[Xom] (6)]
   949 | D:2      | Reached XP level 3. HP: 5/34 MP: 3/3
  1242 | D:2      | Found a faded altar of an unknown god.
  1828 | D:2      | XOM: god gift: book of Necromancy
  1829 | D:2      | You pick up a book of Necromancy and begin reading...
  1829 | D:2      | You add the spells Pain, Animate Skeleton and Vampiric
                  | Draining to your library.
  1899 | D:3      | Found a sacrificial altar of Ru.
  2222 | D:3      | XOM: scenery: create altars
  2745 | D:4      | XOM: enchant monster (bad)
  2747 | D:4      | Reached XP level 4. HP: 32/42 MP: 4/4
  2750 | D:4      | Reached skill level 4 in Fighting
  2750 | D:4      | Noticed a centaur
  2752 | D:4      | Noticed a hornet
  2753 | D:4      | HP: 8/44 [/a scroll of torment (5)]
  2756 | D:4      | Slain by a hornet

Vanquished Creatures
  A howler monkey (D:4)
  3 adders
  2 worms
  A dart slug (D:3)
  3 ball pythons
  4 bats
  2 endoplasms
  A giant cockroach (D:2)
  2 goblins (D:2)
  2 hobgoblins
  3 quokkas
  A frilled lizard (D:1)
  4 kobolds
  A rat (D:2)
30 creatures vanquished.

Table legend:
 A = Non-vault XP
 B = Vault XP
 C = Vault XP percentage of total XP
 D = Non-vault monster count
 E = Vault monster count
 F = Vault count percentage of total count
                 A         B        C        D         E       F
            +---------+---------+-------+---------+---------+-------
      Total |     145 |       0 |   0.0 |      30 |       0 |   0.0
            +---------+---------+-------+---------+---------+-------
        D:1 |      14 |       0 |   0.0 |       8 |       0 |   0.0
        D:2 |      33 |       0 |   0.0 |      10 |       0 |   0.0
        D:3 |      29 |       0 |   0.0 |       7 |       0 |   0.0
        D:4 |      69 |       0 |   0.0 |       5 |       0 |   0.0
            +---------+---------+-------+---------+---------+-------

Illustrated notes

Table legend:
 A = Kills in this place as a percentage of kills in entire the game.
 B = Kills by you in this place as a percentage of kills by you in the entire game.
 C = Kills by friends in this place as a percentage of kills by friends in the entire game.
 D = Other kills in this place as a percentage of other kills in the entire game.
 E = Experience gained in this place as a percentage of experience gained in the entire game.
 F = Experience gained in this place divided by the number of levels of this place that you have seen.
                   A       B       C       D       E      F
               +-------+-------+-------+-------+-------+----------------------
         Total | 100.0 | 100.0 |   N/A |   N/A | 100.0 |  36.2
       Dungeon | 100.0 | 100.0 |   N/A |   N/A | 100.0 |  36.2
               +-------+-------+-------+-------+-------+----------------------

Table legend: (Time is in decaauts)
 A = Elapsed time spent in this place.
 B = Non-inter-level travel time spent in this place.
 C = Inter-level travel time spent in this place.
 D = Time resting spent in this place.
 E = Time spent auto-exploring this place.
 F = Levels seen in this place.
 G = Mean time per level.
                   A        B        C        D        E       F      G
               +--------+--------+--------+--------+--------+-----+--------+
         Total |   3442 |   3338 |    104 |    599 |   2420 |   4 |  860.5 |
       Dungeon |   3442 |   3338 |    104 |    599 |   2420 |   4 |  860.5 |
               +--------+--------+--------+--------+--------+-----+--------+

Top non-repeatable levels by time:
     D:2: 1382 daAuts
     D:3: 1181 daAuts
     D:1: 853 daAuts
     D:4: 25 daAuts
